Map: Reclamation LE

Players

Ekelpack

  • Race: Zerg Zerg
  • Spawn Location: 5:00

Nyck

  • Race: Terran Terran
  • Spawn Location: 6:00

nirds

  • Race: Protoss Protoss
  • League: Gold
  • Spawn Location: 11:00

vova

  • Race: Zerg Zerg
  • League: Gold
  • Spawn Location: 12:00

VOD

Have the link to the VOD?

Description

Time

  • Played on: Dec. 18, 2024, 1:27 p.m.
  • Length: 19:59
Show
View Real Time Build Order
Export as new Build Order

Ekelpack Zerg 

Build Orders: Hatch First, Roach Hydra 

Get SALT Encoding   

  12  0:00  Drone  
  13  0:16  Overlord  
  13  0:23  Drone  
  14  0:41  Drone  
  15  0:49  Hatchery  
  14  0:52  Drone  
  15  1:08  Spawning Pool  
  15  1:10  Drone  
  15  1:18  Drone  
  15  1:21  Extractor  
  15  1:22  Drone  
  15  1:24  Drone  
  17  1:32  Drone  
  18  1:46  Drone  
  19  1:56  Queen  
  19  1:58  Drone  
  22  2:05  Queen  
  24  2:09  Drone  
  24  2:14  Drone  
  26  2:19  Overlord  
  26  2:31  Drone  
  26  2:37  Drone  
  28  2:38  Overlord  
  28  2:41  Drone  
  29  2:48  Drone x2, Roach Warren  
  29  2:51  Drone, Extractor  
  29  2:55  Evolution Chamber  
  29  3:04  Drone  
  30  3:07  Queen  
  32  3:16  Drone  
  32  3:17  Drone x3  
  36  3:22  Drone x2  
  38  3:27  Zerg Missile Weapons Level 1  
  38  3:32  Overlord  
  38  3:38  Overlord  
  38  3:57  Roach x6  
  38  3:58  Roach  
  38  4:00  Roach  
  54  4:05  Roach  
  56  4:19  Lair  
  56  4:21  Overlord x2  
  56  4:46  Roach x5  
  56  4:47  Roach x5  
  70  5:18  Hydralisk Den  
  70  5:19  Drone x3  
  72  5:23  Extractor  
  72  5:25  Drone x4, Extractor  
  72  5:27  Zerg Missile Weapons Level 2  
  64  6:05  Drone  
  64  6:06  Drone  
  66  6:14  Hydralisk x3  
  66  6:15  Hydralisk  
  66  6:16  Hatchery, Overlord x2  
  73  6:28  Grooved Spines  
  73  6:29  Glial Reconstitution  
  73  6:36  Roach x3  
  73  6:37  Roach x4  
  87  7:00  Drone x2  
  89  7:23  Hydralisk  
  89  7:25  Overlord  
  89  7:26  Overlord x3  
  91  7:34  Drone x2  
  91  7:35  Drone x2, Overseer x2  
  95  7:47  Drone x5  
  95  7:48  Drone x4  
  104  7:51  Tunneling Claws  
  104  7:53  Muscular Augments  
  104  7:56  Zerg Ground Armor Level 1  
  104  8:03  Drone x5  
  104  8:05  Extractor  
  108  8:07  Extractor  
  107  8:46  Hydralisk x2  
  107  8:47  Hydralisk x7  
  107  8:48  Overlord x4  
  125  8:49  Overlord x2  
  125  9:11  Drone  
  126  9:22  Queen  
  128  9:29  Infestation Pit  
  128  9:30  Hatchery  
  126  9:32  Ravager x5  
  126  9:33  Ravager  
  126  9:35  Roach x6  
  126  9:36  Overlord x3, Roach x5  
  126  9:37  Roach  
  156  10:35  Hydralisk x5  
  156  10:36  Hydralisk x7  
  156  10:37  Hydralisk  
  156  10:40  Hive  
  156  10:41  Pneumatized Carapace  
  182  10:45  Drone x6  
  188  10:52  Roach x3  
  188  10:55  Zerg Ground Armor Level 2  
  194  11:37  Drone x4  
  194  11:39  Drone x2  
  200  11:47  Extractor  
  200  11:51  Extractor  
  200  11:53  Ultralisk Cavern  
  197  11:59  Evolution Chamber  
  183  12:49  Chitinous Plating  
  181  12:52  Zerg Missile Weapons Level 3  
  180  13:01  Ultralisk x2  
  180  13:02  Ultralisk  
  180  13:04  Drone x2  
  200  13:15  Zerg Ground Armor Level 3  
  165  13:47  Ultralisk x4  
  165  13:48  Ultralisk x3  
  195  13:55  Ultralisk  
  195  13:57  Roach x2  
  199  14:08  Anabolic Synthesis  
  106  14:19  Roach x4  
  106  14:20  Roach x7  
  106  14:21  Roach x6  
  106  14:22  Roach x7  
  106  14:23  Roach x3  
  72  14:56  Roach x2  
  72  14:57  Roach x7  
  72  14:58  Roach x6  
  72  14:59  Roach x4  
  82  15:14  Roach x2  
  82  15:15  Roach x5  
  75  15:42  Roach x2  
  81  15:43  Roach x6  
  91  16:03  Hatchery  
  78  16:39  Overlord  
  78  16:40  Overlord x6  
  78  16:41  Overlord  
  78  16:54  Extractor  
  77  17:12  Hatchery  
  77  17:14  Zerg Melee Weapons Level 1  
  76  17:28  Overlord x2  
  76  17:33  Extractor  
  75  17:37  Extractor  
  75  17:44  Hydralisk x2, Ultralisk x3  
  92  17:45  Hydralisk x6  
  108  18:26  Hydralisk  
  108  18:27  Hydralisk x4  
  108  18:30  Hydralisk x2  
  108  18:32  Ultralisk  
  128  18:34  Drone x3  
  128  18:35  Drone x6  
  128  18:36  Drone  
  138  18:45  Drone  
  139  19:16  Ultralisk x2  
  151  19:17  Hydralisk x2  
  155  19:38  Overseer x3  
Show
View Real Time Build Order
Export as new Build Order

Nyck Terran 

Build Orders: 2 Factory, Cyclone Opening 

Get SALT Encoding   

  12  0:00  SCV  
  13  0:12  SCV  
  14  0:17  Supply Depot  
  14  0:24  SCV  
  15  0:39  SCV  
  15  0:40  Barracks  
  16  0:51  SCV, Refinery  
  16  0:54  Refinery  
  17  1:03  SCV  
  18  1:36  Command Center  
  18  1:42  Orbital Command  
  18  1:54  Factory  
  18  1:58  Barracks Tech Lab  
  18  2:07  Supply Depot  
  18  2:11  SCV  
  19  2:22  Marauder  
  21  2:26  SCV  
  22  2:34  Factory  
  22  2:53  Cyclone  
  25  3:01  SCV  
  26  3:08  Mag-Field Accelerator  
  26  3:10  SCV  
  27  3:15  Refinery  
  27  3:16  SCV  
  28  3:22  Orbital Command  
  28  3:29  Cyclone  
  28  3:34  Supply Depot  
  31  3:35  Factory Reactor  
  31  3:40  SCV  
  32  3:52  SCV  
  32  3:53  SCV  
  34  4:02  Barracks Tech Lab  
  34  4:04  SCV  
  34  4:05  SCV  
  34  4:08  Cyclone  
  39  4:12  Hellion  
  39  4:14  Hellion  
  39  4:16  SCV  
  44  4:20  SCV  
  44  4:23  Marine  
  46  4:32  Combat Shield  
  46  4:48  Infernal Pre-Igniter  
  42  4:58  Marauder  
  39  5:00  Hellion x2  
  39  5:01  Cyclone  
  42  5:10  SCV  
  42  5:17  SCV  
  42  5:21  Marine  
  43  5:22  SCV  
  43  5:24  Hellion x2  
  49  5:29  SCV  
  49  5:33  Cyclone  
  49  5:34  SCV  
  54  5:47  Engineering Bay  
  54  5:57  SCV x2  
  54  6:16  Missile Turret  
  54  6:21  Missile Turret  
  54  6:39  SCV x2  
  54  6:57  Supply Depot  
  54  7:19  Supply Depot, SCV x2, Cyclone, Hellion  
  61  7:31  SCV  
  62  7:41  SCV, Hellion  
  62  7:42  Supply Depot  
  62  7:43  SCV, Refinery  
  66  7:50  Command Center  
  66  7:51  Cyclone  
  69  7:53  SCV  
  70  8:01  Supply Depot  
  70  8:04  SCV  
  70  8:05  SCV  
  72  8:07  Supply Depot  
  72  8:16  SCV  
  73  8:51  Cyclone  
  73  8:53  Hellion x2  
  73  8:55  SCV x2  
  82  9:07  SCV x2  
  84  9:14  Starport  
  84  9:19  SCV  
  84  9:20  SCV, Armory  
  86  9:26  Cyclone  
  86  9:28  Starport  
  89  9:32  SCV x2  
  89  9:36  Factory Tech Lab  
  91  9:46  SCV x2  
  93  9:59  Siege Tank  
  96  10:02  Orbital Command  
  96  10:09  SCV x2  
  98  10:14  Terran Vehicle And Ship Armor Level 1  
  98  10:15  Armory  
  98  10:16  Command Center  
  98  10:23  Starport  
  98  10:24  Starport  
  98  10:25  Starport Tech Lab  
  98  10:26  Starport Tech Lab  
  98  10:31  SCV x3  
  98  10:34  Siege Tank  
  104  10:45  SCV x3  
  107  10:57  SCV x2  
  109  11:02  Starport, Refinery  
  109  11:04  Supply Depot  
  109  11:10  Starport Tech Lab  
  109  11:19  Terran Ship Weapons Level 1  
  112  11:25  SCV x3  
  112  11:26  Supply Depot  
  112  11:32  Fusion Core  
  112  11:37  SCV x3  
  115  11:49  Orbital Command, Supply Depot  
  115  11:50  SCV x3  
  115  11:52  Unknown  
  118  12:02  SCV x3  
  121  12:10  Refinery  
  121  12:11  Supply Depot  
  121  12:13  Siege Tank  
  121  12:14  SCV x3  
  127  12:20  Battlecruiser x3  
  127  12:22  Weapon Refit  
  145  12:23  Supply Depot  
  145  12:26  SCV x3  
  148  12:30  Terran Vehicle And Ship Armor Level 2  
  148  12:33  Battlecruiser  
  148  12:35  Supply Depot  
  154  12:46  Supply Depot, SCV x3  
  157  12:58  Supply Depot, SCV x2  
  159  13:03  SCV  
  160  13:10  SCV x2  
  160  13:12  Supply Depot  
  162  13:15  SCV  
  162  13:16  SCV  
  164  13:22  SCV  
  164  13:24  Supply Depot, Battlecruiser x3  
  183  13:34  Supply Depot  
  183  13:37  Battlecruiser  
  146  13:58  Supply Depot  
  140  14:21  Supply Depot  
  137  14:28  Battlecruiser x3  
  155  14:43  Supply Depot  
  149  14:48  Battlecruiser  
  117  15:32  Battlecruiser x2  
  121  15:36  Battlecruiser  
  121  15:38  SCV x3  
  126  15:50  SCV x3  
  126  15:52  Viking  
  131  16:02  SCV x3  
  134  16:14  SCV x3  
  137  16:21  Command Center  
  137  16:22  Battlecruiser  
  137  16:25  Command Center  
  143  16:32  Terran Vehicle And Ship Armor Level 3  
  143  16:33  Terran Ship Weapons Level 2  
  143  16:35  Starport Tech Lab  
  143  16:36  Viking x2  
  143  16:39  Viking  
  147  16:41  SCV x2  
  147  16:42  SCV  
  152  16:54  SCV x3  
  155  17:06  SCV x3, Battlecruiser  
  86  18:27  Viking x4  
  86  18:33  Viking  
  90  18:48  SCV  
  90  18:49  SCV x2  
  92  19:00  Viking x3  
  92  19:01  Command Center, Viking  
  98  19:03  Viking  
  95  19:15  Marauder  
  93  19:17  Widow Mine  
  93  19:18  Widow Mine  
Show
View Real Time Build Order
Export as new Build Order

nirds Protoss 

Build Orders: Oracle Opening, Zealot Archon 

Get SALT Encoding   

  12  0:01  Probe  
  13  0:14  Probe  
  14  0:19  Pylon  
  14  0:26  Probe  
  15  0:29  Assimilator  
  15  0:41  Gateway, Probe  
  15  0:49  Probe  
  17  0:59  Probe  
  18  1:09  Assimilator  
  19  1:11  Probe  
  19  1:19  Gateway  
  19  1:23  Probe  
  20  1:30  Cybernetics Core  
  20  1:36  Pylon  
  20  1:38  Probe  
  21  1:47  Warp Gate  
  21  1:50  Probe  
  22  2:11  Nexus  
  22  2:15  Assimilator  
  22  2:19  Sentry  
  24  2:26  Adept  
  26  2:36  Stargate  
  26  2:38  Probe  
  27  2:51  Gateway  
  27  2:54  Pylon  
  27  2:58  Probe  
  28  3:10  Probe  
  29  3:20  Oracle  
  29  3:22  Probe  
  33  3:27  Probe  
  34  3:38  Adept  
  34  3:39  Probe  
  37  3:47  Adept  
  39  3:49  Adept  
  39  3:51  Probe  
  42  4:03  Probe  
  42  4:06  Gateway  
  42  4:07  Twilight Council  
  43  4:12  Assimilator  
  43  4:14  Probe  
  43  4:16  Probe  
  45  4:26  Probe  
  45  4:28  Probe  
  45  4:40  Probe  
  46  4:52  Probe  
  39  5:01  Stalker x2  
  39  5:02  Stalker x2  
  47  5:08  Pylon  
  47  5:09  Pylon  
  47  5:18  Probe  
  48  5:26  Stalker x2, Templar Archives  
  48  5:27  Stalker  
  54  5:30  Probe  
  55  5:40  Shield Battery  
  55  5:42  Shield Battery, Probe  
  56  5:45  Pylon  
  52  5:51  Stalker  
  52  5:52  Stalker  
  56  6:04  Probe  
  56  6:06  High Templar x2  
  56  6:10  Archon  
  61  6:12  Probe  
  61  6:13  Blink  
  61  6:16  High Templar x2  
  66  6:20  Archon  
  66  6:22  Probe  
  67  6:30  Pylon  
  67  6:32  Pylon  
  67  6:34  Probe  
  68  6:40  Shield Battery  
  68  6:45  High Templar x2  
  69  6:49  Archon  
  69  6:51  Stalker x2  
  73  7:01  Forge  
  73  7:02  Forge  
  73  7:05  Robotics Facility  
  73  7:07  Robotics Facility  
  73  7:19  Stalker x3  
  79  7:30  Shield Battery  
  79  7:32  Shield Battery  
  79  7:48  High Templar  
  79  7:49  High Templar  
  83  7:53  Archon  
  83  8:11  Robotics Bay  
  83  8:13  Pylon  
  83  8:15  Pylon  
  83  8:20  Protoss Ground Weapons Level 1  
  83  8:23  Protoss Shields Level 1  
  83  8:29  Stalker x3, Nexus  
  83  8:30  Stalker  
  83  8:31  Assimilator  
  91  8:35  Assimilator  
  91  8:37  Pylon  
  91  8:39  Pylon  
  91  8:41  Pylon  
  91  8:57  Gateway  
  91  9:00  Gateway  
  91  9:04  Probe  
  91  9:06  Probe  
  93  9:11  Shield Battery  
  93  9:13  Shield Battery  
  93  9:15  Shield Battery  
  93  9:16  Shield Battery, Probe  
  94  9:19  Probe  
  94  9:22  Colossus  
  101  9:27  Colossus  
  101  9:28  Probe  
  101  9:31  Probe  
  109  9:34  Extended Thermal Lance  
  109  9:37  Probe  
  110  9:45  Probe  
  111  9:55  Probe  
  112  10:07  Probe  
  113  10:15  Charge  
  113  10:16  Colossus  
  113  10:19  Probe  
  113  10:20  Colossus  
  126  10:29  High Templar x2  
  126  10:32  Probe  
  126  10:33  Archon  
  131  10:44  Probe  
  131  10:47  Protoss Shields Level 2  
  132  10:51  Protoss Ground Weapons Level 2  
  132  10:53  Zealot x2  
  132  10:54  Zealot x2  
  132  10:56  Probe  
  141  10:57  Nexus  
  141  11:01  Assimilator  
  141  11:05  Assimilator  
  141  11:08  Pylon  
  141  11:09  Pylon  
  141  11:10  Observer  
  142  11:11  Pylon  
  142  11:14  Observer  
  142  11:18  Zealot x3  
  149  11:27  Pylon  
  149  11:28  Pylon  
  149  11:30  Pylon  
  149  11:32  Pylon  
  149  11:34  Pylon x2  
  149  11:36  Pylon x2  
  149  11:39  Colossus  
  155  11:48  High Templar x2  
  155  11:52  Archon  
  159  11:55  Zealot x3  
  159  11:56  Zealot  
  167  12:07  Immortal  
  171  12:16  Probe  
  172  12:28  Probe  
  173  12:33  Immortal  
  177  12:41  Probe  
  172  12:46  Immortal  
  168  12:55  Zealot x3  
  168  12:56  Zealot x3  
  172  13:00  Probe  
  172  13:02  Probe  
  172  13:05  Protoss Shields Level 3  
  174  13:08  Probe  
  174  13:09  Shield Battery  
  174  13:10  Shield Battery, Protoss Ground Weapons Level 3  
  174  13:12  Colossus  
  181  13:13  Shield Battery  
  181  13:14  Probe  
  181  13:15  Shield Battery  
  181  13:18  Probe  
  182  13:26  Probe, Immortal  
  188  13:30  Probe  
  168  13:42  Probe  
  158  13:54  Stalker x4  
  158  13:55  Stalker x2  
  170  14:04  Observer  
  170  14:06  Observer  
  170  14:22  Colossus  
  170  14:24  Immortal  
  180  14:31  Stalker x2  
  180  14:32  Stalker x4  
  144  15:03  Immortal  
  146  15:08  High Templar x3  
  146  15:09  High Templar x3  
  158  15:15  Archon x3  
  132  15:38  Immortal  
  132  15:42  Stalker x3, Immortal  
  146  15:43  Stalker x2  
  150  16:02  Gateway  
  150  16:08  Stargate  
  150  16:10  Stargate x2  
  150  16:12  Stargate  
  150  16:15  Cybernetics Core, Fleet Beacon  
  150  16:27  Nexus  
  150  16:30  Assimilator  
  150  16:32  Assimilator  
  150  16:34  Protoss Ground Armor Level 1  
  150  16:36  Pylon  
  150  16:37  Pylon  
  150  16:39  Pylon  
  150  16:40  Pylon  
  150  16:44  Observer  
  150  16:45  Probe  
  151  16:49  Stalker x3  
  151  16:50  Stalker x2, Observer  
  151  16:51  Protoss Air Weapons Level 1  
  161  16:57  Stalker, Probe  
  164  17:09  Probe  
  164  17:11  Carrier x2  
  177  17:19  Carrier  
  183  17:30  Stalker x3  
  178  17:56  Carrier  
  178  17:57  Carrier  
  190  18:06  Stalker x3  
  190  18:07  Stalker  
  198  18:24  Stalker  
Show
View Real Time Build Order
Export as new Build Order

vova Zerg 

Build Orders: Hatch First, Lurkers 

Get SALT Encoding   

  12  0:01  Drone  
  13  0:09  Drone  
  14  0:32  Hatchery  
  13  0:35  Drone  
  14  0:44  Overlord  
  14  1:01  Spawning Pool  
  13  1:04  Extractor  
  13  1:06  Drone  
  13  1:10  Drone  
  14  1:15  Drone  
  15  1:20  Drone  
  16  1:29  Drone  
  17  1:42  Drone  
  18  1:48  Queen  
  18  1:53  Queen  
  22  1:58  Drone  
  22  2:00  Drone  
  24  2:06  Drone  
  25  2:11  Drone  
  26  2:19  Overlord  
  26  2:26  Overlord  
  26  2:36  Overlord  
  26  2:40  Overlord  
  26  2:45  Overlord  
  26  2:49  Drone x2  
  26  2:50  Drone  
  29  2:53  Drone  
  29  2:56  Drone  
  31  3:02  Drone x2  
  31  3:04  Drone  
  34  3:09  Zergling x4  
  34  3:12  Zergling x2  
  37  3:13  Zergling x2  
  37  3:17  Zergling x2  
  37  3:18  Zergling x2  
  40  3:22  Zergling x2  
  41  3:30  Metabolic Boost  
  41  3:33  Zergling x8  
  45  3:38  Zergling x2  
  45  3:39  Zergling x4  
  45  3:40  Zergling x2  
  49  3:52  Lair  
  49  3:53  Zergling x2  
  49  3:54  Zergling x4  
  52  4:03  Zergling x4  
  52  4:04  Zergling x6  
  52  4:09  Overlord  
  57  4:13  Overlord  
  57  4:17  Drone x2  
  57  4:18  Drone  
  60  4:24  Drone  
  60  4:28  Roach Warren  
  60  4:32  Extractor  
  36  5:08  Roach x5  
  36  5:09  Roach x2  
  36  5:11  Glial Reconstitution  
  50  5:15  Hydralisk Den  
  49  5:23  Roach  
  51  5:30  Extractor  
  50  5:40  Overlord x4  
  51  5:42  Drone  
  51  5:43  Drone x4  
  55  6:05  Lurker Den, Grooved Spines  
  54  6:18  Hydralisk x2  
  54  6:24  Zergling x2  
  54  6:25  Zergling x14  
  66  6:54  Hydralisk  
  66  6:55  Hydralisk x2  
  72  7:05  Lurker x2  
  74  7:33  Lurker x2  
  76  7:38  Zergling x14  
  76  7:39  Zergling x8  
  87  8:17  Pneumatized Carapace, Infestation Pit  
  86  8:30  Lurker  
  86  8:32  Hydralisk x4  
  95  8:41  Overlord x4  
  95  8:42  Overlord x2  
  95  8:44  Overseer  
  95  8:49  Muscular Augments  
  95  9:13  Lurker x2  
  97  9:21  Hatchery, Extractor  
  95  9:26  Extractor  
  94  9:38  Extractor  
  94  9:43  Hive  
  93  9:47  Evolution Chamber  
  93  9:48  Drone x3, Evolution Chamber  
  93  9:49  Drone x9  
  93  9:50  Drone x3  
  106  10:03  Lurker x2  
  108  10:33  Zerg Missile Weapons Level 1  
  108  10:34  Zerg Ground Armor Level 1  
  108  10:38  Drone x9  
  108  10:39  Drone x2  
  108  10:41  Queen  
  121  10:46  Roach  
  123  11:06  Seismic Spines  
  123  11:19  Hydralisk  
  123  11:20  Hydralisk x2  
  123  11:22  Overlord x4  
  123  11:23  Overlord x6  
  129  11:25  Overseer x2  
  129  11:26  Overseer  
  129  11:49  Adrenal Glands  
  129  11:54  Lurker x3  
  129  11:58  Hatchery  
  131  12:02  Unknown  
  131  12:04  Hydralisk x6, Adaptive Talons  
  131  12:05  Hydralisk  
  144  12:12  Roach x8  
  160  12:37  Zerg Missile Weapons Level 2  
  160  12:38  Zerg Ground Armor Level 2  
  160  12:45  Lurker x2  
  162  13:04  Lurker x3  
  165  14:00  Hydralisk x3  
  165  14:01  Hydralisk x6  
  146  14:22  Zergling x4  
  146  14:23  Zergling x18  
  146  14:24  Zergling x6  
  143  14:39  Spire  
  121  14:53  Hydralisk x2  
  121  14:54  Hydralisk x8  
  106  15:26  Spire  
  101  15:52  Corruptor x5  
  101  15:53  Corruptor x7  
  125  16:06  Zerg Flyer Weapons Level 1  
  125  16:13  Queen  
  127  16:24  Corruptor  
  127  16:25  Corruptor x7  
  143  16:42  Zerg Flyer Armor Level 1  
  143  16:43  Zerg Missile Weapons Level 3, Zerg Ground Armor Level 3  
  143  16:45  Corruptor x4  
  151  17:07  Corruptor x3  
  151  17:08  Corruptor  
  157  17:39  Corruptor x5  
  157  17:40  Corruptor  
  149  17:52  Hydralisk x4  
  157  18:36  Lurker x4  
  157  18:37  Lurker x2  
  163  18:48  Zergling x10  
  165  18:49  Zergling x18  
  165  18:50  Zergling x12  
  183  19:24  Hydralisk  
  183  19:25  Hydralisk x7  
Tags
 
Add a new tag
Caveats
  • Supply blocks, unpowered buildings, or Contaminate may cause inaccurate times.
  • Supply counts are checked every 10 seconds.